 Dungeon Crawl Stone Soup version 0.30-a0-1114-gd936c97349 (webtiles) character file.

Game seed: 8245588707232419042

59 Dordric the Cudgeller (level 3, 0/29 HPs)
             Began as a Demonspawn Berserker on Apr 20, 2023.
             Was a Believer of Trog.
             Slain by a jelly (1 damage)
             ... on level 3 of the Dungeon.
             The game lasted 00:02:34 (1735 turns).

Dordric the Cudgeller (Demonspawn Berserker)        Turns: 1735, Time: 00:02:34

Health: 0/29       AC: -3    Str: 19    XL:     3   Next: 78%
Magic:  3/3        EV:  8    Int:  8    God:    Trog [**....]
Gold:   122        SH:  0    Dex: 12    Spells: 2/2 levels left

rFire   . . .      SeeInvis .    a - +0 mace
rCold   . . .      Faith    .    (no shield)
rNeg    . . .      Spirit   .    j - +0 chain mail
rPois   .          Reflect  .    (no helmet)
rElec   .          Rampage  .    (no cloak)
rCorr   .                        (no gloves)
Will    .....                    (no boots) Stlth
                                 (no amulet)
HPRegen 0.24/turn                (no ring)
MPRegen 0.08/turn                (no ring)

@: corroded
A: weakness stinger 1
a: Renounce Religion, Berserk, Trog's Hand


You were on level 3 of the Dungeon.
You worshipped Trog.
Trog was pleased with you.
You visited 1 branch of the dungeon, and saw 3 of its levels.

You collected 122 gold pieces.

Inventory:

Hand Weapons
 a - a +0 mace (weapon)
Armour
 b - a +0 animal skin
 e - a +0 leather armour
 j - a +0 chain mail (worn)
Jewellery
 h - a ring of poison resistance
Scrolls
 d - 5 scrolls of teleportation {unknown}
 i - a scroll of magic mapping {unknown}
 k - a scroll of vulnerability {unknown}
 l - a scroll of identify {unknown}
Potions
 c - 4 potions of heal wounds {unknown}
 f - 3 potions of flight {unknown}
 g - 2 potions of ambrosia {unknown}
 m - a potion of might {unknown}
 n - a potion of curing {unknown}


   Skills:
 - Level 3.0 Fighting
 + Level 4.3 Maces & Flails
 - Level 1.7 Armour
 - Level 1.7 Dodging


You had 2 spell levels left.
You didn't know any spells.
Your spell library was empty.

Dungeon Overview and Level Annotations

Branches:
Dungeon (3/15)

Altars:

Shops:
D:2 [


Innate Abilities, Weirdness & Mutations

You have a small tail.


Message History

A bat is nearby!
You barely miss the bat.
Your tail-slap misses the bat.
The bat closely misses you. The bat hits you but does no damage.
The bat hits you but does no damage. The bat closely misses you.
The bat hits you but does no damage. The bat barely misses you.
You hit the bat.
You kill the bat!
Trog accepts your kill.
No target in view!
A jelly and a rat come into view.
The jelly quivers.
There are monsters nearby!
There are monsters nearby!
There are monsters nearby!
Found a stone staircase leading down.
The jelly hits you but does no damage. The jelly attacks as you move away!
The jelly hits you but does no damage. The jelly attacks as you move away!
The jelly hits you. The acid corrodes you!
You are splashed with acid.
The jelly hits you but does no damage. The jelly attacks as you move away!
The jelly hits you. The acid corrodes you!
You are splashed with acid.
You hit the jelly.
Your hands burn!
The jelly is moderately wounded.
The jelly barely misses you.
You hit the jelly but do no damage.
Your hands burn!
The jelly is moderately wounded.
The jelly hits you. The acid corrodes you!
You are splashed with acid!
* * * LOW HITPOINT WARNING * * *
You hit the jelly but do no damage.
Your hands burn!
* * * LOW HITPOINT WARNING * * *
You tail-slap the jelly, but do no damage.
The jelly is moderately wounded.
The jelly barely misses you.
You barely miss the jelly.
The jelly is moderately wounded.
The jelly hits you.
You die...

## ###>. #. ..#.### #
#.########.#.#...#
#.#......#.#...#. ..
##........#@#.#.. ##
.#..
..........#J#.#.#
.... ....
##....†..#r..#.#.....
#.
#........###.r.......
+.
#..............######
#. #....####.....##
#. #....# #.....# #.
#....# #.....# #.
#>...# #.....# ##


You could see a jelly and a rat.

Vanquished Creatures
  2 adders
  An orc (D:3)
  3 endoplasms
  A giant cockroach (D:1)
  6 goblins
  8 hobgoblins
  3 kobolds
  4 ball pythons
  3 bats
  4 frilled lizards
  2 rats
  A spectral kobold (D:2)
38 creatures vanquished.

Notes
Turn   | Place    | Note
-------+----------+-------------------------------------------
     0 | D:1      | Dordric the Demonspawn Berserker began the quest for the
                  | Orb.
     0 | D:1      | Reached XP level 1. HP: 18/18 MP: 1/1
   121 | D:1      | Reached skill level 3 in Maces & Flails
   199 | D:1      | Gained mutation: You have a small tail. [demonic ancestry]
   199 | D:1      | Reached XP level 2. HP: 17/24 MP: 2/2
   680 | D:2      | Found Vulomese's Armour Boutique.
   746 | D:2      | Found a faded altar of an unknown god.
   849 | D:2      | Reached XP level 3. HP: 23/29 MP: 3/3
  1105 | D:2      | Reached skill level 4 in Maces & Flails
  1496 | D:2      | Reached ** piety under Trog
  1734 | D:3      | HP: 1/29 [acid (2)]
  1735 | D:3      | Slain by a jelly

Illustrated notes

Levels and vault maps discovered:
D:1:      dpeg_arrival_tiny_a, layout_loops_ring, nrook_mini_backslash
D:2:      layout_loops_ring, serial_shops, nicolae_shop_just_a_little_nook,
          dreamdust_ecumenical_altar_drowned_temple, nrook_loot_triangle
D:3:      layout_basic, serial_park_tiny_pond, interstate_on_off,
          hangedman_decor_push, st_stairs_10, minmay_misc_feat_alley,
          roderic_roman_lattice, uniq_ijyb

Skill      XL: |  1  2  3 |
---------------+----------+-----
Maces & Flails | 3 4 |  4.3
Fighting       | |  3.0
Armour         | |  1.7
Dodging        | |  1.7

Action                     || total
---------------------------++-------
  Melee: Mace              ||   115
         Tailslap          ||     8
         Punch             ||     1
 Armour: Animal skin       ||     3
         Leather armour    ||    11
         Chain mail        ||    35
  Dodge: Dodged            ||    72

Table legend: (Time is in decaauts)
 A = Elapsed time spent in this place.
 B = Non-inter-level travel time spent in this place.
 C = Inter-level travel time spent in this place.
 D = Time resting spent in this place.
 E = Time spent auto-exploring this place.
 F = Levels seen in this place.
 G = Mean time per level.
                   A        B        C        D        E       F      G
               +--------+--------+--------+--------+--------+-----+--------+
         Total |   1767 |   1693 |     74 |      0 |   1348 |   3 |  589.0 |
       Dungeon |   1767 |   1693 |     74 |      0 |   1348 |   3 |  589.0 |
               +--------+--------+--------+--------+--------+-----+--------+

Top non-repeatable levels by time:
     D:2: 917 daAuts
     D:1: 691 daAuts
     D:3: 158 daAuts
